 Dungeon Crawl Stone Soup version 0.26-a0-670-g578ab304f5 (webtiles) character file.

Game seed: 9669907853668652500

10040 Kinoniko the Slicer (level 11, -14/78 HPs)
             Began as a Vampire Berserker on Oct 19, 2020.
             Was a High Priest of Trog.
             Demolished by a ten-headed hydra (glowing shapeshifter) (15 damage)
             ... on level 11 of the Dungeon.
             The game lasted 00:19:16 (12080 turns).

Kinoniko the Slicer (Vampire Berserker)            Turns: 12080, Time: 00:19:16

Health: -14/78     AC: 11    Str: 19    XL:     11   Next: 30%
Magic:  11/11      EV: 10    Int: 10    God:    Trog [*****.]
Gold:   868        SH: 17    Dex: 14    Spells: 10/10 levels left

rFire    + . .     SeeInvis +   t - +5 falchion (elec)
rCold    . . .     Faith    .   c - +1 tower shield
rNeg     . . .     Spirit   .   H - +0 troll leather armour
rPois    .         Reflect  .   l - +1 helmet
rElec    .         Harm     .   F - +2 cloak
rCorr    .         Rampage  .   p - +1 pair of gloves
MR       +....                  (no boots)
Stlth    +.........             E - amulet of regeneration
HPRegen  1.23/turn              q - ring of protection from fire
MPRegen  0.12/turn              (no ring)

@: berserk cooldown, regenerating quickly, slowed, very slow
A: fangs 3, see invisible, unbreathing
a: Exsanguinate, Berserk, Trog's Hand, Brothers in Arms, Renounce Religion


You were on level 11 of the Dungeon.
You worshipped Trog.
Trog was extremely pleased with you.
You visited 1 branch of the dungeon, and saw 11 of its levels.
You also visited: Ossuary.

You collected 958 gold pieces.
You spent 90 gold pieces at shops.

Inventory:

Hand Weapons
 a - a +0 short sword
 h - a +1 rapier
 t - a +5 falchion of electrocution (weapon)
 y - the +6 rapier of Impatience {elec, *Rage rF+ rN+ Str+5}
   (You found it on level 7 of the Dungeon)

   Occasionally, upon striking a foe, it will discharge some electrical energy
   and cause terrible harm.
   It affects your strength (+5).
   It protects you from fire.
   It protects you from negative energy.
   It may make you go berserk in combat.
 D - a +0 long sword of flaming
Armour
 b - a +0 animal skin
 c - a +1 tower shield (worn)
 e - a +0 ring mail
 k - a +0 kite shield
 l - a +1 helmet (worn)
 p - a +1 pair of gloves (worn)
 w - the +3 leather armour "Xohimin" {Stlth+}
   (You found it on level 6 of the Dungeon)

   It makes you more stealthy.
 F - a +2 cloak (worn)
 H - a +0 troll leather armour (worn)
Jewellery
 q - a ring of protection from fire (left hand)
 E - an amulet of regeneration (around neck)
 G - an uncursed ring of protection from fire
 L - an uncursed ring of see invisible
Wands
 g - a wand of paralysis (12)
 j - a wand of acid (17)
 K - a wand of random effects (14)
 M - a wand of iceblast (8)
Scrolls
 f - 2 scrolls of fear
 i - 2 scrolls of teleportation
 n - 4 scrolls of remove curse
 r - a scroll of blinking
 B - 2 scrolls of noise
 J - a scroll of fog
Potions
 d - a potion of resistance {unknown}
 m - 2 potions of heal wounds
 o - 5 potions of curing
 s - 2 potions of mutation {unknown}
 u - a potion of invisibility {unknown}
 v - a potion of berserk rage {unknown}
 x - a potion of stabbing {unknown}
 z - 2 potions of ambrosia {unknown}
 A - a potion of haste
 C - a potion of flight {unknown}


   Skills:
 + Level 4.8 Fighting
 - Level 14.2(14.5) Short Blades
 * Level 4.9(10.0) Long Blades
 - Level 1.6 Armour
 - Level 3.0 Dodging
 - Level 8.9 Shields


You had 10 spell levels left.
You didn't know any spells.
Your spell library contained the following spells:

 Spells                   Type           Power        Failure   Level
 Shock                    Conj/Air       #...         98%         1
 Swiftness                Air            #.......     99%         2
 Static Discharge         Conj/Air       #.......     100%        3
 Airstrike                Air            #.........   100%        4
 Lightning Bolt           Conj/Air       #.........   100%        5


Dungeon Overview and Level Annotations

Branches:
Dungeon (11/15)            Temple (0/1) D:7            Lair (0/6) D:9
    Orc (0/2) D:9         Ossuary (visited)

Altars:
Dithmenos
Elyvilon
Gozag
Kikubaaqudgha
Okawaru
Qazlal
Trog
Uskayaw
Wu Jian
Xom
Zin

Annotations:
D:7 1 runed translucent door, chipmonk's ghost, novice MiFi


Innate Abilities, Weirdness & Mutations

Your natural rate of healing is unusually fast.
You have razor-sharp teeth.
You have supernaturally acute eyesight. (SInv)
You can survive without breathing.


Message History

You block the nine-headed hydra's attack.
The nine-headed hydra bites you! The nine-headed hydra bites you.
You chop one of the nine-headed hydra's heads off!
The eight-headed hydra grows two more!
You slash the ten-headed hydra!
The ten-headed hydra is moderately wounded.
The ten-headed hydra bites you.
You block the ten-headed hydra's attack. x3
The ten-headed hydra bites you.
The ten-headed hydra completely misses you.
You block the ten-headed hydra's attack.
The ten-headed hydra bites you. x2; The ten-headed hydra bites you!
You block the ten-headed hydra's attack.
The ten-headed hydra bites you! x2
* * * LOW HITPOINT WARNING * * *
The ten-headed hydra bites you!
* * * LOW HITPOINT WARNING * * *
The ten-headed hydra bites you!
* * * LOW HITPOINT WARNING * * *
The ten-headed hydra bites you!
You die...

#. .# #.##.# #.##.#
#### ###+###.##.#
##...##.......##.#
#..$..#.......##.#
#....@'..8....##.#
#...D.#..........#
##...##.....".##.####
##########'######....##
#.####.##=..## #.##...
#.#....#.....####.##.#.
#.#....#.^...#.......#
#......#.....####..###
###....##...#####...##.


You could see a ten-headed hydra shaped shifter.

Vanquished Creatures
  4 two-headed ogres
  An ugly thing (D:11)
  Maggie (D:7)
  2 trolls
  Prince Ribbit (D:7)
  A wyvern (D:8)
  Edmund (D:4)
  2 sky beasts
  2 ice beasts
  2 orc warriors (D:6)
  2 phantoms
  A black bear (D:9)
  A necrophage (D:8)
  6 ogres
  6 centaurs
  A wolf (D:9)
  3 big kobolds
  Blork the orc (D:4)
  5 bullfrogs
  5 scorpions
  A water moccasin skeleton (D:8)
  6 killer bees (D:9)
  9 wights
  2 electric eels (D:9)
  2 howler monkeys (D:9)
  5 jellies
  3 centaur zombies
  3 bullfrog zombies
  9 hounds
  13 orc wizards
  6 orc priests
  4 bullfrog skeletons
  2 iguanas
  Ijyb (D:4)
  10 worker ants
  A killer bee zombie (D:8)
  5 big kobold zombies (Ossuary)
  2 hound zombies
  2 mummies (Ossuary)
  Robin (D:2)
  A howler monkey skeleton (D:4)
  10 adders
  2 shadow imps
  2 white imps
  4 ufetubi
  2 oozes
  2 adder skeletons
  2 worms (D:2)
  2 dart slugs
  4 leopard geckos
  36 orcs
  8 bats
  5 giant cockroaches
  4 gnoll zombies (Ossuary)
  18 goblins
  8 hobgoblins
  6 quokkas
  A ball python (D:3)
  2 frilled lizards
  A goblin zombie (Ossuary)
  A hobgoblin zombie (Ossuary)
  18 kobolds
  2 orc zombies (Ossuary)
  A quokka skeleton (D:6)
  A quokka zombie (D:6)
  11 rats
289 creatures vanquished.

Vanquished Creatures (others)
  A leopard gecko (D:9)
1 creature vanquished.

Grand Total: 290 creatures vanquished

Notes
Turn   | Place    | Note
-------+----------+-------------------------------------------
     0 | D:1      | Kinoniko the Vampire Berserker began the quest for the Orb.
     0 | D:1      | Reached XP level 1. HP: 17/17 MP: 1/1
    98 | D:1      | Reached XP level 2. HP: 24/24 MP: 2/2
   519 | D:1      | Reached ** piety under Trog
   519 | D:1      | Reached skill level 4 in Short Blades
   717 | D:1      | Reached XP level 3. HP: 28/29 MP: 3/3
   824 | D:2      | Noticed Robin
   942 | D:1      | Reached skill level 1 in Shields
  1087 | D:2      | Killed Robin
  1299 | D:2      | Reached XP level 4. HP: 29/35 MP: 4/4
  2015 | D:2      | Found a shadowy altar of Dithmenos.
  2015 | D:2      | Found an iron altar of Okawaru.
  2159 | D:2      | Reached skill level 5 in Short Blades
  2861 | D:3      | Reached XP level 5. HP: 41/41 MP: 5/5
  2913 | D:3      | You fall into a shaft and drop 2 floors!
  2913 | D:5      | Entered Level 5 of the Dungeon
  3037 | D:5      | Noticed a sky beast
  3055 | D:5      | Killed a sky beast
  3055 | D:5      | Reached skill level 6 in Short Blades
  3055 | D:5      | Reached XP level 6. HP: 47/47 MP: 6/6
  3101 | D:5      | Reached skill level 7 in Short Blades
  3154 | D:5      | Reached XP level 7. HP: 15/52 MP: 7/7
  3525 | D:4      | Reached skill level 8 in Short Blades
  3604 | D:3      | Reached *** piety under Trog
  3968 | D:3      | Found a faded altar of an unknown god.
  4019 | D:3      | Found an ornate altar of the Wu Jian Council.
  4019 | D:3      | Found an ancient bone altar of Kikubaaqudgha.
  4094 | D:4      | Noticed Blork the orc
  4102 | D:4      | Killed Blork the orc
  4318 | D:4      | Found a white marble altar of Elyvilon.
  4444 | D:4      | Noticed Ijyb
  4448 | D:4      | Paralysed by Ijyb for 5 turns
  4456 | D:4      | Killed Ijyb
  4507 | D:4      | Found a stormy altar of Qazlal.
  4856 | D:4      | Reached XP level 8. HP: 58/58 MP: 8/8
  5093 | D:4      | Noticed Edmund
  5100 | D:4      | Killed Edmund
  5100 | D:4      | Reached skill level 9 in Short Blades
  5993 | D:6      | Reached skill level 5 in Shields
  6105 | D:6      | Reached skill level 10 in Short Blades
  6446 | D:6      | Reached **** piety under Trog
  6581 | D:6      | Reached skill level 1 in Long Blades
  6581 | D:6      | Reached XP level 9. HP: 63/63 MP: 9/9
  6803 | D:6      | Got a scorched leather armour
  6811 | D:6      | Identified the +3 leather armour "Xohimin" {Stlth+} (You
                  | found it on level 6 of the Dungeon)
  7159 | D:7      | Found a runed translucent door.
  7160 | D:7      | Found a shimmering altar of Xom.
  7160 | D:7      | Noticed chipmonk's ghost (novice MiFi)
  7161 | D:7      | Noticed a +2 hand axe of chaos
  7179 | D:7      | Got a masterwork rapier
  7180 | D:7      | Identified the +6 rapier of Impatience {elec, *Rage rF+ rN+
                  | Str+5} (You found it on level 7 of the Dungeon)
  7426 | D:7      | Found a sand-covered staircase.
  7431 | Ossuary  | Entered an ossuary
  7504 | Ossuary  | Reached skill level 11 in Short Blades
  7737 | D:7      | Noticed Prince Ribbit
  7747 | D:7      | Killed Prince Ribbit
  7805 | D:7      | Found a staircase to the Ecumenical Temple.
  7828 | D:7      | Found a bloodstained altar of Trog.
  7832 | D:7      | Noticed Maggie
  7841 | D:7      | Killed Maggie
  7980 | D:7      | Found an opulent altar of Gozag.
  8616 | D:8      | Reached skill level 12 in Short Blades
  8731 | D:8      | Noticed a -2 hand axe
  8787 | D:8      | Noticed a +0 dagger
  8799 | D:8      | Found a hide-covered altar of Uskayaw.
  8837 | D:8      | Noticed a two-headed ogre
  8846 | D:8      | Killed a two-headed ogre
  8846 | D:8      | Reached XP level 10. HP: 70/70 MP: 10/10
  8953 | D:8      | Reached ***** piety under Trog
  9540 | D:8      | Reached skill level 13 in Short Blades
  9678 | D:9      | Found a staircase to the Orcish Mines.
  9862 | D:9      | Noticed a two-headed ogre
  9870 | D:9      | Killed a two-headed ogre
  9931 | D:9      | Found Zin's Purification Station.
  9933 | D:9      | Found a glowing silver altar of Zin.
  9957 | D:9      | Bought a potion of curing for 90 gold pieces
 10010 | D:9      | Found a staircase to the Lair.
 10390 | D:9      | Reached skill level 14 in Short Blades
 10738 | D:9      | Received a gift from Trog
 11129 | D:10     | Entered Level 10 of the Dungeon
 11131 | D:10     | Noticed a two-headed ogre
 11139 | D:10     | Killed a two-headed ogre
 11139 | D:10     | Reached XP level 11. HP: 76/76 MP: 11/11
 11836 | D:11     | Noticed a two-headed ogre
 11844 | D:11     | Killed a two-headed ogre
 12000 | D:11     | Noticed a brown ugly thing
 12008 | D:11     | Killed a brown ugly thing
 12065 | D:11     | Noticed a wolf spider
 12065 | D:11     | Noticed a sea snake
 12065 | D:11     | a wolf spider changed into a sea snake
 12069 | D:11     | Noticed a glowing shapeshifter
 12069 | D:11     | a sea snake changed into a glowing shapeshifter
 12070 | D:11     | Noticed an ice dragon
 12070 | D:11     | a glowing shapeshifter changed into an ice dragon
 12077 | D:11     | Noticed a seven-headed hydra
 12077 | D:11     | an ice dragon changed into a seven-headed hydra
 12080 | D:11     | HP: 1/78 [ten-headed hydra (glowing shapeshifter) (7)]
 12080 | D:11     | Demolished by a ten-headed hydra (glowing shapeshifter)

Illustrated notes

Levels and vault maps discovered:
D:1:      psy_arrival_wood_between_worlds, layout_rooms, minmay_three_crescents
D:2:      mumra_celtic_spiral_tile, layout_basic,
          nicolae_overflow_hidden_temple, grunt_ministairs_11, uniq_robin
D:3:      layout_rooms, gammafunk_temple_overflow_elements,
          chequers_ecumenical_altar_lobes
D:4:      layout_basic, elyvilon_altar_5, lemuel_crystal_altar, uniq_ijyb,
          uniq_blork_the_orc, uniq_edmund
D:5:      layout_loops_ring
D:6:      layout_basic
D:7:      layout_gridville, overflow_temple_1_default, lemuel_round_altar,
          temple_doors_e, enter_ossuary_2, ebering_ghost_xom, uniq_maggie,
          uniq_prince_ribbit1
D:8:      layout_gridville, dancing_weapons_uskayaw
D:9:      layout_irregular_city, zin_purify, erik_lair_island,
          kennysheep_small_square
D:10:     layout_big_octagon
D:11:     minmay_the_grid_triangle_9x9_rhombus_full
          [minmay_the_grid_triangle_9x9_skeleton,
          minmay_the_grid_triangle_9x9_tough_junction,
          minmay_the_grid_triangle_9x9_fully_insulated_deathbox,
          minmay_the_grid_triangle_9x9_swiss_cheese,
          minmay_the_grid_triangle_9x9_stretched_checkered,
          minmay_the_grid_triangle_9x9_windchime,
          minmay_the_grid_triangle_9x9_negative_grid,
          minmay_the_grid_triangle_9x9_prize_special], layout_loops_ring,
          grunt_ministairs_8, chequers_serial_rivers_micro_c,
          minmay_statues_item, minmay_three_doors

Skill      XL: |  1  2  3  4  5  6  7  8  9 10 11 |
---------------+----------------------------------+-----
Fighting       | 3 4 |  4.8
Short Blades   | 4 5 6 7 8 10 12 14 | 14.2
Shields        | 1 2 3 4 5 7 8 |  8.9
Long Blades    | 1 2 4 |  4.9
Dodging        | 3 |  3.0
Armour         | |  1.6

Action                   |  1- 3 |  4- 6 |  7- 9 | 10-12 || total
-------------------------+-------+-------+-------+-------++-------
Melee: Short sword       |   119 |   198 |    14 |       ||   331
       Bite              |    12 |    19 |    55 |    23 ||   109
       Rapier            |       |       |   296 |   191 ||   487
       Falchion          |       |       |    55 |    55 ||   110
Invok: Berserk           |     5 |     7 |    17 |    16 ||    45
       Trog's Hand       |       |     1 |     3 |       ||     4
  Use: Scroll            |       |     6 |     8 |    10 ||    24
       Potion            |       |     3 |     2 |       ||     5
 Stab: Sleeping          |       |       |     4 |     2 ||     6
       Distracted        |       |       |       |     1 ||     1
Armor: Animal skin       |    20 |    20 |       |       ||    40
       Ring mail         |       |    20 |    43 |       ||    63
       Leather armour    |       |       |    11 |    16 ||    27
       Troll leather arm |       |       |       |    25 ||    25
Dodge: Dodged            |    45 |    33 |    52 |    56 ||   186
Block: Tower shield      |    90 |    91 |   213 |   165 ||   559
       Rpst.: Falchion   |       |       |     3 |     5 ||     8

Table legend: (Time is in decaauts)
 A = Elapsed time spent in this place.
 B = Non-inter-level travel time spent in this place.
 C = Inter-level travel time spent in this place.
 D = Time resting spent in this place.
 E = Time spent auto-exploring this place.
 F = Levels seen in this place.
 G = Mean time per level.
                   A        B        C        D        E       F      G
               +--------+--------+--------+--------+--------+-----+--------+
         Total |  12386 |  11896 |    490 |   4291 |   5577 |  12 | 1032.2 |
       Dungeon |  12159 |  11669 |    490 |   4191 |   5516 |  11 | 1105.4 |
       Ossuary |    226 |    226 |      0 |     99 |     61 |   1 |  226.0 |
               +--------+--------+--------+--------+--------+-----+--------+

Top non-repeatable levels by time:
     D:2: 1780 daAuts
     D:4: 1551 daAuts
     D:9: 1484 daAuts
     D:8: 1294 daAuts
     D:7: 1182 daAuts
     D:1: 1106 daAuts
     D:6: 1089 daAuts
     D:5: 1014 daAuts
     D:3: 654 daAuts
    D:10: 652 daAuts
    D:11: 350 daAuts
 Ossuary: 226 daAuts
